 Dungeon Crawl Stone Soup version 0.31-a0-750-gfe7b580527 (webtiles) character file.

Game seed: 13286943119061987953

1064 cforsyth the Trooper (level 8, -3/64 HPs)
             Began as a Djinni Delver on Sept 14, 2023.
             Slain by an orc warrior
             ... wielding a +0 glaive
              (17 damage)
             ... on level 6 of the Dungeon.
             The game lasted 00:03:52 (2982 turns).

cforsyth the Trooper (Djinni Delver)                Turns: 2982, Time: 00:03:53

Health: -3/64      AC:  3    Str: 11    XL:     8   Next: 52%
Gold:   87         EV: 12    Int: 15    God:
                   SH:  0    Dex: 14

rFire   + + .        h - +11 whip of Buim {vamp, Fly rN+}
rCold   x . .        (no shield)
rNeg    + . .        b - +0 leather armour
rPois   ∞            (no helmet)
rElec   .            (no cloak)
rCorr   .            (no gloves)
SInv    .            (boots unavailable)
Will    .....        (no amulet)
Stlth   ++           (no ring)
HPRegen 0.30/turn    (no ring)
MPRegen 0.00/turn

%: infuse magic (-4 HP)
@: flying
A: sickness immunity, fire resistance 2, cold vulnerability 1, float, innate
caster, HP casting, extra vitality 1
a: no special abilities


You were on level 6 of the Dungeon.
You visited 2 branches of the dungeon, and saw 4 of its levels.

You collected 87 gold pieces.

Inventory:

Hand Weapons
 a - a +0 falchion
 h - the +11 whip of Buim (weapon) {vamp, Fly rN+}
   (You found it on level 5 of the Dungeon)

   rN+:       It protects you from negative energy.
   Fly:       It grants you flight.
Missiles
 j - a throwing net
Armour
 b - a +0 leather armour (worn)
Wands
 g - a wand of digging (3)
Scrolls
 c - a scroll of fog
 d - a scroll of revelation
 e - a scroll of fear
 k - a scroll of vulnerability {unknown}
 l - a scroll of poison {unknown}
 p - a scroll of immolation {unknown}
 q - a scroll of teleportation {unknown}
Potions
 f - a potion of haste
 i - a potion of experience {unknown}
 m - a potion of lignification {unknown}
 n - a potion of heal wounds {unknown}
 o - a potion of brilliance {unknown}


   Skills:
 + Level 7.3 Fighting
 - Level 1.7 Long Blades
 - Level 2.1 Dodging
 - Level 4.1 Stealth
 + Level 4.7 Spellcasting
 + Level 4.7 Conjurations
 + Level 4.7 Hexes
   Level 0.0 Charms
 + Level 4.7 Summonings
 + Level 4.7 Necromancy
 + Level 4.7 Translocations
 + Level 4.7 Transmutations
 + Level 4.7 Fire Magic
 + Level 4.7 Ice Magic
 + Level 4.7 Air Magic
 + Level 4.7 Earth Magic
 + Level 4.7 Poison Magic


You knew the following spells:

 Your Spells              Type           Power      Damage    Failure   Level
a - Sandblast             Erth           34%        2d9       3%          1
b - Jinxbite              Hex            34%        N/A       4%          2
c - Static Discharge      Conj/Air       34%        2-4/arc   4%          2
Your spell library was empty.

Dungeon Overview and Level Annotations

Branches:
Dungeon (6/15)             Temple (1/1) D:6

Altars:
Ashenzari
Dithmenos
Elyvilon
Fedhas
Makhleb
Nemelex Xobeh
Qazlal
Ru
Trog
Uskayaw
Wu Jian


Innate Abilities, Weirdness & Mutations

You are immune to sickness and miasma.
You are immune to poison.
Your flesh is very heat resistant. (rF++)
You are vulnerable to cold. (rC-)
You float through the air rather than walking.
You learn spells naturally, not from books.
Your magical power is your life essence.
You have superior vitality. (+4 MHP)


Message History

An orc warrior comes into view. It is wielding a +0 glaive.
The orc barely misses you.
You whack the orc!
You kill the orc!
The orc throws a stone.
The stone misses you.
Found a small pearl ring.
Found a stone staircase leading up.
An ice beast comes into view.
The orc throws a stone.
The stone barely misses you.
The orc warrior hits you from afar with a +0 glaive!
Things that are here:
a +0 club; a +0 chain mail The orc warrior hits you with a +0 glaive.
You hit the orc warrior.
You feel better.
The orc warrior is lightly wounded.
The orc warrior hits you with a +0 glaive.
The orc barely misses you.
The orc warrior hits you with a +0 glaive!
You closely miss the orc warrior.
The orc warrior is lightly wounded.
The ice beast hits you but does no damage.
The orc hits you but does no damage.
The orc warrior hits you with a +0 glaive!
You are too injured to fight recklessly!
You are too injured to fight recklessly!
You are too injured to fight recklessly!
You are too injured to fight recklessly!
You are too injured to fight recklessly!
You are too injured to fight recklessly!
You are too injured to fight recklessly!
You are too injured to fight recklessly!
Found a stone.
The orc attacks as it pursues you! The orc barely misses you.
The ice beast attacks as it pursues you!
The ice beast hits you. The ice beast freezes you!
You feel a terrible chill!
* * * LOW HITPOINT WARNING * * *
As you read the scroll of fear, it crumbles to dust.
You assume a fearsome visage.
The orc warrior looks frightened!
The orc looks frightened!
The ice beast looks frightened!
q - a scroll labelled CIJAOD PACKYE The orc warrior hits you from afar with a +0 glaive!
You die...

.8.#...##.# #.......#...#...#...#
⌠..##.###.###.........#...#.$.#..
.8.#..# #..##.......#...#...#...#
⌠...... ##.##.........#...#...#..
.8...... #..........#...#...#...#
........##..#.........#...#...#..
##......##.##.......#...#...#...#
........##.##.........#...#...#..
........ ...##..@.......#...#..##
...>... ..........o...##).#..?##
.... .....##.........<...#..#
##.. ...##............#.#...## #
............#o......# #
....#.................#
##...........#.#......#
#...........#. ......# ##.# =.
......#


You could see an orc warrior.

Vanquished Creatures
  A water moccasin (D:5)
  An ice beast (D:5)
  A black bear (D:5)
  2 ogres
  3 scorpions
  A water moccasin zombie (D:5)
  A water moccasin skeleton (D:5)
  A hound (D:5)
  An orc priest (D:6)
  3 jellies
  A sleepcap (D:6)
  2 iguanas (D:5)
  A scorpion zombie (D:5)
  A hound skeleton (D:5)
  4 adders
  An adder skeleton (D:5)
  A dart slug (D:4)
  2 orcs (D:6)
  An endoplasm (D:4)
  2 giant cockroaches (D:4)
  2 goblins (D:4)
  4 jackals (D:4)
  3 quokkas (D:4)
  A kobold (D:4)
41 creatures vanquished.

Notes
Turn   | Place    | Note
-------+----------+-------------------------------------------
     0 | D:5      | cforsyth the Djinni Delver began the quest for the Orb.
     0 | D:5      | Reached XP level 1. HP: 20/20 MP: 0/0
     5 | D:5      | Noticed a jelly
    51 | D:5      | Identified the +11 whip of Buim {vamp, Fly rN+}
    56 | D:5      | Killed a jelly
    57 | D:5      | Reached skill level 1 in Spellcasting
    57 | D:5      | Reached skill level 1 in Conjurations
    57 | D:5      | Reached skill level 1 in Hexes
    57 | D:5      | Reached skill level 1 in Summonings
    57 | D:5      | Reached skill level 1 in Necromancy
    57 | D:5      | Reached skill level 1 in Translocations
    57 | D:5      | Reached skill level 1 in Transmutations
    57 | D:5      | Reached skill level 1 in Fire Magic
    57 | D:5      | Reached skill level 1 in Ice Magic
    57 | D:5      | Reached skill level 1 in Air Magic
    57 | D:5      | Reached skill level 1 in Earth Magic
    57 | D:5      | Reached skill level 1 in Poison Magic
    57 | D:5      | Reached XP level 2. HP: 10/25 MP: 0/0
    57 | D:5      | Reached XP level 3. HP: 12/30 MP: 0/0
    57 | D:5      | Learned a level 1 spell: Sandblast
   286 | D:5      | Reached skill level 4 in Fighting
   286 | D:5      | Reached XP level 4. HP: 7/37 MP: 0/0
   441 | D:5      | Reached XP level 5. HP: 11/42 MP: 0/0
   441 | D:5      | Learned a level 2 spell: Jinxbite
   819 | D:5      | Reached XP level 6. HP: 43/49 MP: 0/0
   867 | D:5      | Reached skill level 5 in Fighting
  1010 | D:5      | Noticed a water moccasin
  1023 | D:5      | Killed a water moccasin
  1024 | D:5      | Reached XP level 7. HP: 35/55 MP: 0/0
  1024 | D:5      | Learned a level 2 spell: Static Discharge
  1129 | D:5      | Reached skill level 6 in Fighting
  1713 | D:5      | Reached XP level 8. HP: 62/62 MP: 0/0
  2354 | D:4      | Reached skill level 7 in Fighting
  2886 | D:6      | Found a staircase to the Ecumenical Temple.
  2898 | Temple   | Entered the Ecumenical Temple
  2982 | D:6      | Slain by an orc warrior

Illustrated notes

Levels and vault maps discovered:
D:4:      layout_layer_cave, minmay_surrounded
D:5:      layout_cave_pods, serial_undead, serial_undead_e, serial_undead_c,
          serial_undead_b, serial_undead_b
D:6:      layout_rooms, led_sif_pool, minmay_temple_entry_statues_fountains,
          hex_medium
Temple:   nicolae_temple_x_marks_the_god

Skill      XL: |  1  2  3  4  5  6  7  8 |
---------------+-------------------------+-----
Spellcasting   | 1 2 3 4 |  4.7
Conjurations   | 1 2 3 4 |  4.7
Hexes          | 1 2 3 4 |  4.7
Summonings     | 1 2 3 4 |  4.7
Necromancy     | 1 2 3 4 |  4.7
Translocations | 1 2 3 4 |  4.7
Transmutations | 1 2 3 4 |  4.7
Fire Magic     | 1 2 3 4 |  4.7
Ice Magic      | 1 2 3 4 |  4.7
Air Magic      | 1 2 3 4 |  4.7
Earth Magic    | 1 2 3 4 |  4.7
Poison Magic   | 1 2 3 4 |  4.7
Fighting       | 4 5 6 7 |  7.3
Long Blades    | |  1.7
Dodging        | |  2.1
Stealth        | |  4.1

Action                     |  1- 3 |  4- 6 |  7- 9 || total
---------------------------+-------+-------+-------++-------
  Melee: Whip              |    13 |    45 |    86 ||   144
   Cast: Jinxbite          |       |     2 |     4 ||     6
         Sandblast         |       |       |     1 ||     1
    Use: Scroll            |       |       |     1 ||     1
   Stab: Sleeping          |       |     3 |     5 ||     8
 Armour: Leather armour    |    13 |    24 |    64 ||   101
  Dodge: Dodged            |     4 |    27 |    65 ||    96

Table legend: (Time is in decaauts)
 A = Elapsed time spent in this place.
 B = Non-inter-level travel time spent in this place.
 C = Inter-level travel time spent in this place.
 D = Time resting spent in this place.
 E = Time spent auto-exploring this place.
 F = Levels seen in this place.
 G = Mean time per level.
                   A        B        C        D        E       F      G
               +--------+--------+--------+--------+--------+-----+--------+
         Total |   2998 |   2910 |     88 |    526 |   1891 |   4 |  749.5 |
       Dungeon |   2997 |   2909 |     88 |    526 |   1891 |   3 |  999.0 |
        Temple |      1 |      1 |      0 |      0 |      0 |   1 |    1.0 |
               +--------+--------+--------+--------+--------+-----+--------+

Top non-repeatable levels by time:
     D:5: 1832 daAuts
     D:4: 917 daAuts
     D:6: 246 daAuts
  Temple: 1 daAuts
